Map: Línea Aguablanca EE

Players

MrFercho

  • Race: Zerg Zerg
  • League: Silver
  • Spawn Location: 7:00

TATORREA

  • Race: Protoss Protoss
  • League: Silver
  • Spawn Location: 6:00

tigro

  • Race: Terran Terran
  • Spawn Location: 7:00

Alvarofrk

  • Race: Zerg Zerg
  • League: Platinum
  • Spawn Location: 1:00

LANYER

  • Race: Zerg Zerg
  • Spawn Location: 1:00

Benyerd

  • Race: Protoss Protoss
  • League: Gold
  • Spawn Location: 12:00

VOD

Have the link to the VOD?

Description

Time

  • Played on: May 15, 2020, 9:06 p.m.
  • Length: 14:31
Show
View Real Time Build Order
Export as new Build Order

MrFercho Zerg 

Build Orders: Pool First, Muta Ling Bane 

Get SALT Encoding   

  12  0:03  Drone  
  13  0:13  Overlord  
  13  0:17  Drone  
  14  0:33  Extractor  
  13  0:35  Drone  
  13  0:36  Drone x2  
  16  0:54  Drone  
  17  1:02  Spawning Pool  
  16  1:09  Drone x2  
  18  1:15  Extractor  
  17  1:33  Drone x2  
  19  1:49  Drone  
  20  1:55  Drone  
  21  2:02  Hatchery  
  21  2:06  Queen  
  22  2:16  Baneling Nest  
  21  2:27  Roach Warren  
  20  2:32  Drone x2  
  22  2:38  Overlord  
  22  3:05  Drone x2  
  22  3:06  Drone  
  25  3:16  Queen, Drone  
  28  3:23  Drone x3  
  31  3:39  Spine Crawler  
  30  3:42  Drone x2  
  30  3:44  Lair, Spine Crawler  
  31  4:01  Drone  
  31  4:02  Drone  
  31  4:10  Drone  
  32  4:33  Overlord x2  
  32  4:54  Metabolic Boost  
  32  5:13  Spire  
  31  5:17  Hatchery  
  30  5:37  Drone  
  30  5:38  Drone x2  
  33  5:50  Infestation Pit  
  32  6:08  Drone x2  
  34  6:13  Hatchery  
  33  6:22  Drone x2  
  33  6:25  Centrifical Hooks  
  35  6:28  Zerg Flyer Armor Level 1  
  35  6:36  Mutalisk  
  35  6:37  Mutalisk x3  
  43  7:15  Drone x3  
  46  7:18  Drone  
  46  7:19  Drone x4  
  51  7:32  Drone  
  52  7:40  Hatchery  
  52  7:41  Hatchery  
  52  7:42  Hatchery  
  49  8:05  Drone x3  
  52  8:06  Extractor  
  51  8:32  Overlord  
  51  8:33  Overlord x2  
  51  8:46  Drone  
  51  8:47  Queen, Drone x2  
  56  8:53  Hive  
  56  8:57  Zerg Flyer Weapons Level 1  
  56  9:42  Drone x2  
  56  9:43  Extractor, Drone  
  56  9:45  Extractor  
  57  9:46  Hatchery  
  57  9:51  Drone  
  58  9:52  Drone  
  58  9:53  Drone  
  58  9:56  Drone  
  60  10:04  Mutalisk  
  60  10:05  Mutalisk x8  
  60  10:50  Zerg Flyer Armor Level 2  
  60  10:56  Mutalisk x4  
  68  11:07  Zergling x6  
  71  11:15  Spore Crawler  
  70  11:18  Spore Crawler  
  70  11:20  Spore Crawler  
  64  11:48  Mutalisk  
  64  11:49  Mutalisk x3  
  64  12:55  Mutalisk  
  64  12:56  Mutalisk x3  
  56  13:22  Zergling x14  
  56  13:23  Zergling x10  
  61  13:28  Lair  
Show
View Real Time Build Order
Export as new Build Order

TATORREA Protoss 

Build Orders:  

Get SALT Encoding   

  12  0:08  Probe  
  13  0:20  Probe  
  14  0:32  Probe  
  15  0:41  Pylon  
  15  0:42  Assimilator  
  15  0:53  Pylon  
  15  0:59  Probe  
  16  1:11  Probe  
  16  1:15  Gateway  
  17  1:58  Probe  
  18  2:10  Probe  
  18  2:14  Cybernetics Core  
  19  2:17  Forge  
  19  2:21  Zealot (Chrono Boost)  
  21  2:28  Gateway  
  21  2:33  Probe  
  21  2:36  Nexus  
  22  2:45  Probe  
  22  2:46  Assimilator, Zealot (Chrono Boost)  
  22  2:48  Warp Gate (Chrono Boost)  
  24  3:10  Probe  
  24  3:12  Protoss Ground Weapons Level 1  
  25  3:16  Stalker  
  27  3:22  Probe  
  27  3:26  Stalker  
  30  3:42  Probe  
  30  3:48  Probe  
  32  3:54  Probe  
  33  4:00  Probe  
  34  4:06  Probe  
  34  4:09  Twilight Council  
  35  4:12  Probe  
  35  4:13  Stargate  
  36  4:18  Probe  
  37  4:24  Probe  
  37  4:25  Assimilator  
  37  4:29  Assimilator  
  37  4:30  Stalker, Probe  
  41  4:36  Stalker, Probe  
  44  4:50  Pylon  
  44  4:53  Pylon  
  44  4:56  Pylon  
  44  5:00  Pylon  
  44  5:03  Probe x2  
  46  5:09  Oracle  
  46  5:11  Pylon  
  49  5:26  Charge  
  49  5:42  Probe x2  
  51  5:47  Protoss Air Weapons Level 1  
  51  5:50  Protoss Ground Weapons Level 2  
  51  6:05  Probe x2  
  53  6:15  Void Ray  
  57  6:19  Stalker  
  57  6:21  Stalker  
  61  6:30  Robotics Facility  
  61  6:35  Probe  
  61  6:36  Probe  
  63  6:46  Fleet Beacon  
  60  6:48  Probe x2  
  62  7:00  Probe x2  
  54  7:06  Void Ray  
  56  7:10  Stalker x2  
  60  7:19  Immortal  
  64  7:30  Probe x2  
  66  7:42  Probe x2  
  68  7:50  Nexus  
  68  7:52  Assimilator  
  68  7:54  Probe x2  
  68  7:56  Assimilator, Robotics Bay  
  68  7:57  Void Ray  
  74  8:07  Probe x2  
  76  8:22  Protoss Air Weapons Level 2  
  76  8:25  Immortal  
  76  8:27  Unknown  
  80  8:36  Probe x2  
  82  8:48  Probe x2  
  84  9:01  Void Ray  
  84  9:02  Pylon  
  88  9:05  Pylon  
  88  9:09  Pylon  
  88  9:12  Pylon  
  88  9:15  Pylon  
  88  9:22  Pylon  
  88  9:25  Pylon  
  88  9:28  Pylon  
  88  9:30  Pylon  
  88  9:35  Pylon  
  88  9:38  Probe  
  88  9:39  Probe  
  88  9:42  Pylon, Probe  
  91  9:47  Pylon  
  91  9:50  Stalker  
  91  9:51  Stalker, Pylon  
  95  9:54  Void Ray  
  95  9:55  Pylon  
  99  10:05  Colossus  
  63  10:37  Tempest  
  59  10:48  Stalker x2  
  49  11:00  Observer  
  50  11:10  Gateway  
  50  11:11  Gateway  
  50  11:13  Gateway  
  10  13:08  Nexus  
  10  13:15  Pylon x2  
  10  13:17  Pylon x2  
  10  13:18  Pylon x2  
  10  13:20  Assimilator  
  10  13:24  Assimilator  
Show
View Real Time Build Order
Export as new Build Order

tigro Terran 

Build Orders:  

Get SALT Encoding   

  12  0:04  SCV  
  13  0:16  SCV  
  14  0:22  Supply Depot  
  15  0:28  SCV  
  15  0:32  Refinery  
  15  0:43  SCV  
  16  0:57  SCV  
  16  0:59  Barracks  
  17  1:08  Refinery  
  17  1:10  SCV  
  18  1:22  Supply Depot, SCV  
  19  1:34  SCV  
  20  1:46  Marine, SCV  
  22  1:58  SCV  
  23  2:04  Marine  
  23  2:06  Barracks  
  24  2:22  Marine  
  25  2:28  SCV  
  26  2:35  Engineering Bay  
  26  2:39  Marine  
  26  2:40  SCV  
  28  2:57  Marine  
  28  2:58  Barracks Tech Lab  
  29  3:14  Factory  
  29  3:16  Orbital Command  
  29  3:19  Command Center, Barracks Tech Lab  
  29  3:21  Marauder  
  31  3:39  Terran Infantry Weapons Level 1  
  31  3:52  Combat Shield  
  31  3:55  Stimpack  
  31  4:01  Factory Tech Lab  
  31  4:15  Refinery  
  31  4:39  Refinery  
  31  4:45  Planetary Fortress  
  31  5:11  Concussive Shells  
  31  5:18  Armory  
  31  5:33  Terran Infantry Armor Level 1  
  31  5:35  SCV  
  32  5:39  SCV  
  33  5:43  Marine  
  33  5:46  Marine  
  35  5:51  SCV  
  35  5:53  Siege Tank  
  39  6:01  Marine  
  39  6:03  Marine, SCV  
  42  6:10  Starport  
  42  6:16  SCV  
  43  6:19  Marine  
  43  6:21  Marine  
  45  6:28  SCV  
  46  6:36  Marine  
  46  6:39  Marine  
  48  6:49  Starport  
  48  6:52  Medivac  
  50  6:54  Marine  
  50  6:57  Marine  
  52  7:12  Marine  
  52  7:15  Marine  
  54  7:22  Thor  
  54  7:28  Hi-Sec Auto Tracking  
  60  7:30  Marine  
  60  7:31  Supply Depot  
  60  7:32  Terran Vehicle Weapons Level 1  
  60  7:33  Marine  
  62  7:53  SCV  
  62  7:54  Marine  
  62  7:56  Supply Depot, Marine  
  65  8:05  SCV  
  66  8:10  Starport Tech Lab  
  66  8:12  Marine  
  67  8:13  Starport Tech Lab  
  67  8:14  Marine  
  67  8:17  SCV  
  69  8:25  Neosteel Armor  
  69  8:29  Marine, SCV  
  69  8:32  Marine  
  72  8:36  Infernal Pre-Igniter  
  73  8:41  SCV  
  73  8:47  Marine  
  74  8:50  Marine  
  74  8:53  SCV  
  74  8:54  Fusion Core  
  76  9:00  Viking  
  78  9:10  Viking, Marine x2, SCV  
  83  9:23  SCV  
  84  9:26  Terran Vehicle And Ship Armor Level 1  
  84  9:28  Marine  
  84  9:29  Banshee  
  88  9:35  SCV  
  89  9:40  Medivac  
  91  9:46  Marine  
  91  9:47  SCV  
  93  9:59  SCV  
  94  10:04  Terran Infantry Weapons Level 2  
  94  10:11  Command Center  
  94  10:15  SCV  
  94  10:20  Marine  
  57  10:38  Marine  
  47  10:56  Marine  
  48  10:58  Marine  
  48  11:01  Battlecruiser  
  55  11:13  Marine  
  55  11:16  Marine  
  52  11:20  Terran Ship Weapons Level 1  
  35  11:31  Marine  
  36  11:34  Marine  
  36  11:38  Medivac  
  36  11:49  Marine  
  36  11:51  Marine  
  35  12:07  Marine  
  36  12:09  Marine  
  36  12:10  Weapon Refit  
  36  12:12  Banshee  
  36  12:15  Banshee  
Show
View Real Time Build Order
Export as new Build Order

Alvarofrk Zerg 

Build Orders: Hatch First, Brood Lord Corruptor, Roach Hydra 

Get SALT Encoding   

  12  0:04  Drone  
  13  0:13  Overlord  
  13  0:19  Drone  
  14  0:31  Drone x2  
  16  0:53  Drone  
  16  0:56  Hatchery, Drone  
  17  1:01  Drone  
  18  1:13  Extractor  
  18  1:18  Spawning Pool  
  16  1:22  Drone  
  16  1:23  Drone  
  18  1:32  Drone  
  19  1:42  Drone  
  20  1:57  Drone  
  21  2:05  Drone  
  22  2:14  Queen x2  
  26  2:16  Overlord  
  26  2:18  Overlord  
  26  2:27  Drone x2  
  28  2:36  Drone x2  
  30  2:47  Drone x2  
  32  3:23  Hatchery, Drone  
  32  3:24  Drone x7  
  32  3:25  Drone  
  40  3:28  Overlord x2  
  40  3:30  Queen x2  
  44  4:09  Roach Warren  
  43  4:15  Evolution Chamber  
  44  4:17  Drone x2  
  44  4:24  Drone x8  
  48  4:25  Drone x2  
  54  4:48  Extractor  
  54  4:49  Extractor  
  52  4:54  Extractor  
  52  4:55  Drone  
  52  4:56  Drone x3  
  52  4:57  Drone x2  
  57  5:02  Overlord x3  
  57  5:15  Drone x2  
  57  5:16  Drone  
  57  5:19  Drone x3  
  63  6:00  Lair  
  63  6:02  Zerg Missile Weapons Level 1  
  63  6:05  Roach  
  63  6:06  Roach x12  
  89  6:15  Overlord x5  
  89  6:56  Roach x3  
  89  6:57  Roach x5  
  89  7:00  Overlord x5  
  105  7:19  Hydralisk Den  
  105  7:20  Glial Reconstitution  
  104  7:27  Drone x2  
  104  7:28  Drone x5  
  111  7:35  Extractor  
  111  7:36  Extractor  
  109  8:06  Hydralisk  
  109  8:07  Hydralisk x11  
  133  8:14  Grooved Spines  
  133  8:23  Overseer  
  133  8:29  Hydralisk  
  133  8:30  Hydralisk x3  
  133  8:31  Hydralisk x2  
  133  8:33  Overlord  
  133  8:34  Overlord x3  
  145  8:53  Hydralisk x7  
  159  8:57  Zerg Missile Weapons Level 2  
  159  9:04  Overlord x4  
  159  9:25  Muscular Augments  
  159  9:35  Hydralisk x5  
  159  9:36  Hydralisk x4  
  177  9:46  Hydralisk x3  
  177  9:47  Hydralisk x5  
  193  10:01  Spire  
  193  10:04  Infestation Pit  
  175  10:30  Hydralisk  
  175  10:31  Hydralisk x10  
  171  11:16  Hive  
  155  12:21  Hydralisk x3  
  155  12:22  Hydralisk x5  
  163  12:23  Corruptor x2  
  163  12:24  Corruptor x8  
  180  12:45  Greater Spire  
  178  13:59  Brood Lord x3  
  178  14:00  Brood Lord x5  
  178  14:01  Brood Lord  
Show
View Real Time Build Order
Export as new Build Order

LANYER Zerg 

Build Orders: Pool First, Lurkers 

Get SALT Encoding   

  12  0:05  Drone  
  13  0:28  Spawning Pool  
  12  0:34  Evolution Chamber  
  11  0:42  Drone x2  
  13  0:43  Drone  
  13  0:49  Extractor  
  13  0:54  Extractor  
  12  0:58  Overlord  
  12  1:05  Drone  
  13  1:21  Drone  
  14  1:30  Queen  
  16  1:36  Drone  
  17  1:44  Drone  
  18  1:57  Zergling x2  
  19  2:17  Spine Crawler  
  18  2:33  Drone x3  
  21  2:47  Drone  
  22  2:53  Overlord  
  22  2:54  Overlord  
  22  2:59  Lair  
  22  3:35  Zergling x6  
  25  3:48  Drone  
  25  4:12  Drone x2  
  27  4:21  Hydralisk Den  
  26  4:24  Spire  
  25  4:49  Overlord  
  25  4:50  Hydralisk  
  25  4:51  Hydralisk  
  29  5:02  Spine Crawler  
  29  5:06  Overseer, Spore Crawler  
  27  5:16  Hydralisk x2  
  31  5:24  Drone x3  
  34  5:41  Grooved Spines  
  34  5:42  Lurker Den  
  33  5:52  Overlord  
  33  5:57  Hydralisk x2  
  37  6:25  Hatchery  
  36  6:38  Hydralisk x2  
  36  6:39  Hydralisk  
  42  6:47  Lurker  
  43  7:20  Lurker  
  44  7:23  Lurker  
  45  7:39  Drone x3  
  48  7:49  Drone x2  
  50  8:02  Queen  
  52  8:07  Extractor  
  52  8:08  Drone  
  52  8:44  Drone x3  
  55  9:00  Lurker  
  56  9:05  Mutalisk x2  
  56  9:08  Overlord  
  60  9:10  Overlord  
  60  9:12  Overlord  
  60  9:46  Spore Crawler  
  59  11:00  Mutalisk x3  
  65  11:07  Drone  
  65  11:08  Hatchery, Drone x3  
  68  11:12  Extractor  
  61  12:07  Mutalisk x6  
  61  12:45  Lurker  
  62  13:04  Mutalisk x3  
  68  13:06  Mutalisk x3  
  72  13:14  Hatchery  
  72  13:18  Drone x6  
Show
View Real Time Build Order
Export as new Build Order

Benyerd Protoss 

Build Orders:  

Get SALT Encoding   

  12  0:01  Probe (Chrono Boost)  
  13  0:12  Probe (Chrono Boost)  
  14  0:23  Pylon  
  14  0:26  Probe  
  15  0:31  Assimilator  
  15  0:41  Probe  
  16  0:54  Probe  
  17  1:00  Gateway  
  17  1:03  Gateway  
  17  1:14  Gateway  
  17  1:31  Probe  
  18  1:39  Pylon  
  18  1:44  Forge  
  18  2:00  Cybernetics Core  
  18  2:04  Zealot x2  
  18  2:07  Zealot  
  24  2:18  Pylon  
  24  2:26  Assimilator  
  24  2:28  Probe  
  25  3:00  Nexus  
  25  3:16  Probe  
  26  3:24  Twilight Council  
  26  3:27  Protoss Ground Weapons Level 1 (Chrono Boost)  
  26  3:28  Probe  
  27  3:40  Probe  
  28  3:51  Pylon  
  28  4:05  Zealot  
  28  4:06  Zealot x2  
  34  4:14  Probe  
  35  4:27  Probe  
  35  4:31  Gateway, Charge (Chrono Boost)  
  36  4:32  Zealot  
  38  5:06  Probe (Chrono Boost)  
  39  5:15  Robotics Facility  
  39  5:16  Probe (Chrono Boost)  
  39  5:21  Probe (Chrono Boost)  
  41  5:32  Gateway, Probe  
  42  5:39  Gateway  
  42  5:43  Gateway  
  42  5:44  Probe  
  43  5:53  Pylon  
  43  5:57  Probe  
  43  5:59  Probe  
  45  6:09  Probe  
  46  6:11  Probe  
  47  6:23  Probe  
  48  6:29  Immortal  
  48  6:32  Zealot x3  
  58  6:33  Zealot  
  58  6:34  Zealot  
  58  6:35  Probe  
  58  6:36  Zealot  
  65  6:45  Photon Cannon  
  65  6:47  Probe  
  66  6:59  Probe  
  65  7:11  Zealot  
  65  7:12  Probe, Zealot  
  70  7:44  Templar Archives  
  70  8:16  Photon Cannon  
  69  8:23  Observer  
  70  8:39  Stargate  
  70  8:58  Pylon  
  70  8:59  Pylon  
  70  9:00  Pylon  
  70  9:02  Pylon  
  70  9:05  Pylon  
  70  9:08  Pylon, Nexus  
  70  9:16  Observer, Probe, Zealot x3  
  78  9:17  Zealot  
  80  9:28  Probe  
  81  9:32  Zealot x2  
  81  9:38  Observer  
  86  9:43  Zealot  
  88  9:50  Protoss Ground Weapons Level 2 (Chrono Boost)  
  88  9:59  Observer  
  89  10:02  Fleet Beacon  
  67  10:52  High Templar  
  67  10:53  High Templar x3  
  67  10:54  High Templar  
  67  10:56  High Templar  
  79  10:57  Warp Gate  
  79  11:22  Assimilator  
  79  11:26  Assimilator, Probe  
  79  11:31  Pylon  
  80  11:38  Probe  
  75  11:50  Probe  
  75  11:52  High Templar x2  
  74  11:56  Archon x2  
  72  12:03  Probe  
  72  12:05  Psionic Storm  
  70  12:14  Probe (Chrono Boost)  
  70  12:15  Probe (Chrono Boost)  
  72  12:21  Photon Cannon  
  72  12:24  Probe (Chrono Boost)  
  72  12:25  Photon Cannon  
  72  12:26  Probe (Chrono Boost)  
  72  12:29  Probe (Chrono Boost)  
  74  12:35  Probe  
  76  12:41  Probe  
  77  12:47  Probe  
  77  12:54  Pylon  
  73  12:59  Probe  
  73  13:03  Archon  
  74  13:08  Archon  
  74  13:15  Photon Cannon  
  74  13:18  Probe  
  75  13:30  Probe  
  76  13:42  Probe  
  77  13:54  Probe  
  75  14:14  High Templar x2  
  75  14:15  High Templar x3  
  75  14:16  High Templar  
  86  14:23  Archon x2  
  86  14:24  Archon  
Tags
 
Add a new tag
Caveats
  • Supply blocks, unpowered buildings, or Contaminate may cause inaccurate times.
  • Supply counts are checked every 10 seconds.